 Dungeon Crawl Stone Soup version 0.22-a0-253-gf9d0ce56dd (webtiles) character file.

2300 Peterchen the Cleaver (level 9, -2/70 HPs)
             Began as a Minotaur Berserker on Mar 3, 2018.
             Was an Elder of Trog.
             Slain by Erica
             ... wielding a +3 scimitar of flaming
              (3 damage)
             ... on level 8 of the Dungeon.
             The game lasted 00:12:38 (6233 turns).

Peterchen the Cleaver (Minotaur Berserker)          Turns: 6233, Time: 00:12:39

Health: -2/70      AC: 15    Str: 25    XL:     9   Next: 17%
Magic:  8/8        EV:  7    Int:  4    God:    Trog [****..]
Gold:   399        SH:  0    Dex: 10    Spells: 8/8 levels left

rFire    . . .     SeeInvis .   z - +0 war axe
rCold    . . .     Gourm    .   (no shield)
rNeg     + . .     Faith    .   y - +0 plate armour
rPois    .         Spirit   .   (helmet restricted)
rElec    .         Reflect  .   v - +0 cloak
rCorr    .         Harm     .   (no gloves)
MR       ++...                  o - +2 pair of boots
Stlth    ..........             (no amulet)
HPRegen  1.21/turn              d - ring of positive energy
MPRegen  0.11/turn              B - ring of flight

@: lethally poisoned (-2 -> -3), about to teleport, berserk cooldown,
regenerating, slowed, very slow
A: retaliatory headbutt, horns 2
a: Berserk, Trog's Hand, Brothers in Arms, Renounce Religion, Evoke Flight


You were on level 8 of the Dungeon.
You worshipped Trog.
Trog was greatly pleased with you.
You were very hungry.

You visited 1 branch of the dungeon, and saw 8 of its levels.

You collected 399 gold pieces.

Inventory:

Hand Weapons
 z - a +0 war axe (weapon)
Armour
 o - a +2 pair of boots (worn)
 v - a +0 cloak (worn)
 y - a +0 plate armour (worn)
Jewellery
 d - a ring of positive energy (left hand)
 B - a ring of flight (right hand)
Wands
 a - a wand of flame (19)
 p - a wand of polymorph (16)
Scrolls
 b - 3 scrolls of magic mapping
 e - 3 scrolls of enchant weapon
 g - 3 scrolls of enchant armour
 h - 4 scrolls of teleportation
 i - 2 scrolls of fog
 j - a scroll of immolation
 l - 3 scrolls of amnesia
 s - 2 scrolls of blinking {unknown}
 u - a scroll of noise {unknown}
 x - a scroll of holy word {unknown}
 C - 2 scrolls of identify
Potions
 f - 2 potions of resistance {unknown}
 m - a potion of degeneration {unknown}
 n - a potion of lignification {unknown}
 q - a potion of invisibility {unknown}
 r - a potion of agility {unknown}
 t - a potion of haste {unknown}
 w - 2 potions of heal wounds {unknown}
 A - a potion of cancellation {unknown}
Comestibles
 c - 19 rations
 k - 2 chunks of flesh


   Skills:
 - Level 3.6 Fighting
 * Level 14.3 Axes
 - Level 2.4 Armour
 - Level 2.1 Dodging


You had 8 spell levels left.
You didn't know any spells.

Dungeon Overview and Level Annotations

Branches:
Dungeon (8/15)             Temple (0/1) D:7
   Lair: D:8-11

Altars:
Hepliaklqana
Okawaru
Ru
Vehumet

Annotations:
D:8 Erica


Innate Abilities, Weirdness & Mutations

You reflexively headbutt those who attack you in melee.
You have a pair of horns on your head.


Message History

You feel very sick. Something hits you.
* * * LOW HITPOINT WARNING * * *
Something burns you.
* * * LOW HITPOINT WARNING * * *
You completely miss something. You headbutt something.
You feel very sick. Something hits you but does no damage.
You closely miss something.
You feel sick. Something hits you.
* * * LOW HITPOINT WARNING * * *
Something burns you.
* * * LOW HITPOINT WARNING * * *
As you read the scroll of teleportation, it crumbles to dust.
You feel strangely unstable.
You feel sick. Something hits you but does no damage.
You closely miss something. You headbutt something!
You feel sick. Something hits you!
* * * LOW HITPOINT WARNING * * *
Something burns you.
You die...

#.........##........
#)........##.......# ....
#................... ....
#......................./
#.....(....########......
#...........# ...@..
#........<#.# #......
#.........#[######.......
#.........#@{.†.......#
##.......###..........#
##.....## #......#......
####### #.............
#.............
#.............
#.............
.......#.....p


There were no monsters in sight!

Vanquished Creatures
  Pikel (D:8)
  A wyvern (D:7)
  A spriggan (D:7)
  Edmund (D:5)
  3 slaves (D:8)
  A phantom (D:7)
  A sky beast (D:8)
  2 ogres (D:7)
  2 scorpions
  2 howler monkeys (D:4)
  A bullfrog zombie (D:6)
  2 crimson imps
  2 hounds
  Crazy Yiuf (D:3)
  3 orc priests
  5 orc wizards
  A centaur skeleton (D:6)
  An iguana (D:4)
  3 worker ants
  2 hound skeletons (D:5)
  Robin (D:3)
  7 gnolls (D:5)
  8 adders
  A shadow imp (D:5)
  An ooze (D:1)
  2 adder zombies
  3 worms (D:2)
  2 dart slugs (D:2)
  4 leopard geckos
  8 orcs
  4 giant cockroaches
  20 goblins
  10 hobgoblins
  9 jackals
  2 quokkas
  6 bats
  4 frilled lizards
  6 kobolds
  A quokka skeleton (D:4)
  3 rats
138 creatures vanquished.

Vanquished Creatures (others)
  2 jackals (D:8)
2 creatures vanquished.

Grand Total: 140 creatures vanquished

Notes
Turn   | Place    | Note
-------+----------+-------------------------------------------
     0 | D:1      | Peterchen the Minotaur Berserker began the quest for the Orb.
     0 | D:1      | Reached XP level 1. HP: 19/19 MP: 0/0
    70 | D:1      | Reached skill level 4 in Axes
    70 | D:1      | Reached XP level 2. HP: 18/26 MP: 1/1
   437 | D:1      | Reached skill level 5 in Axes
   684 | D:1      | Reached XP level 3. HP: 31/31 MP: 2/2
  1663 | D:2      | Reached ** piety under Trog
  1713 | D:2      | Reached skill level 6 in Axes
  1713 | D:2      | Reached XP level 4. HP: 32/39 MP: 3/3
  1909 | D:2      | Found a sacrificial altar of Ru.
  2181 | D:3      | Noticed Robin
  2199 | D:3      | Killed Robin
  2477 | D:3      | Found a runed door.
  2747 | D:3      | Noticed Crazy Yiuf
  2753 | D:3      | Paralysed by Crazy Yiuf for 3 turns
  2756 | D:3      | HP: 1/39 [Crazy Yiuf/quarterstaff of chaos (20)]
  2758 | D:3      | Killed Crazy Yiuf
  2758 | D:3      | Reached skill level 7 in Axes
  2758 | D:3      | Reached XP level 5. HP: 2/45 MP: 4/4
  3335 | D:4      | Reached skill level 8 in Axes
  3415 | D:4      | Reached XP level 6. HP: 25/51 MP: 5/5
  3660 | D:4      | Reached *** piety under Trog
  3899 | D:4      | Reached skill level 9 in Axes
  4002 | D:4      | Found a sacrificial altar of Ru.
  4028 | D:5      | Entered Level 5 of the Dungeon
  4171 | D:5      | Reached XP level 7. HP: 55/57 MP: 6/6
  4246 | D:5      | Noticed Edmund
  4261 | D:5      | Killed Edmund
  4261 | D:5      | Reached skill level 10 in Axes
  4446 | D:5      | Found an iron altar of Okawaru.
  4995 | D:6      | Reached skill level 11 in Axes
  5224 | D:6      | Found a radiant altar of Vehumet.
  5399 | D:6      | Found a hazy altar of Hepliaklqana.
  5418 | D:6      | Reached XP level 8. HP: 64/64 MP: 7/7
  5717 | D:7      | Reached skill level 12 in Axes
  5821 | D:7      | Reached **** piety under Trog
  5967 | D:7      | Reached skill level 13 in Axes
  6091 | D:7      | Found a staircase to the Ecumenical Temple.
  6184 | D:8      | Noticed Erica
  6184 | D:8      | Noticed Pikel
  6213 | D:8      | Killed Pikel
  6213 | D:8      | Reached skill level 14 in Axes
  6213 | D:8      | Reached XP level 9. HP: 70/70 MP: 8/8
  6233 | D:8      | HP: 1/70 [something (12)]
  6233 | D:8      | Slain by Erica

Vault maps used:
D:1:      elethiomel_arrival_infinity_welcomes_careful_drivers,
          nrook_mini_vaults
D:2:      first_ration, nicolae_ru_path_of_blood
D:3:      uniq_crazy_yiuf_cottage, uniq_robin
D:4:      kennysheep_little_box, grunt_decor_one_mirror, roderic_roman_lattice
D:5:      overflow_temple_1_default, uniq_edmund
D:6:      overflow_temple_1_default, st_stairs_5, minmay_misc_feat_nine_boxes,
          vehumet_altar_wand_db
D:7:      minmay_temple_entry_poolview, the_bakery
D:8:      grunt_qazlal_clouds, lair_entry_dummy, uniq_erica, uniq_pikel

Skill      XL: |  1  2  3  4  5  6  7  8 |
---------------+-------------------------+-----
Axes           | 4 5 6 7 8 9 11 14 | 14.3
Fighting       | |  3.6
Armour         | |  2.4
Dodging        | |  2.1

Action                   |  1- 3 |  4- 6 |  7- 9 || total
-------------------------+-------+-------+-------++-------
Melee: Hand axe          |   102 |   167 |    58 ||   327
       Headbutt          |    11 |    25 |    38 ||    74
       War axe           |       |       |    88 ||    88
Invok: Berserk           |       |     2 |     5 ||     7
       Trog's Hand       |       |       |     2 ||     2
  Use: Scroll            |       |     1 |     7 ||     8
 Stab: Distracted        |       |     1 |       ||     1
  Eat: Chunk             |     3 |     8 |    12 ||    23
Armor: Animal skin       |    14 |     2 |       ||    16
       Ring mail         |       |    56 |       ||    56
       Leather armour    |       |       |    10 ||    10
       Plate armour      |       |       |    51 ||    51
       Skin              |       |       |     1 ||     1
Dodge: Dodged            |    55 |    80 |    38 ||   173

Table legend:
 A = Spawn XP
 B = Non-spawn XP
 C = Spawn XP percentage of total XP
 D = Spawn monster count
 E = Non-spawn monster count
 F = Spawn count percentage of total count
 G = Total turns spent on level
                    A         B        C        D         E        F      G
               +---------+---------+-------+---------+---------+-------+---------
         Total |       0 |    3287 |   0.0 |       0 |     135 |   0.0 |  6233
               +---------+---------+-------+---------+---------+-------+---------
           D:1 |       0 |      49 |   0.0 |       0 |      24 |   0.0 |   864
           D:2 |       0 |      67 |   0.0 |       0 |      18 |   0.0 |  1214
           D:3 |       0 |     106 |   0.0 |       0 |      23 |   0.0 |  1028
           D:4 |       0 |     477 |   0.0 |       0 |      19 |   0.0 |   922
           D:5 |       0 |     437 |   0.0 |       0 |      14 |   0.0 |   912
           D:6 |       0 |     310 |   0.0 |       0 |      16 |   0.0 |   692
           D:7 |       0 |     997 |   0.0 |       0 |      18 |   0.0 |   497
           D:8 |       0 |     844 |   0.0 |       0 |       3 |   0.0 |   104
               +---------+---------+-------+---------+---------+-------+---------
